 Dungeon Crawl Stone Soup version 0.15-a0-1569-gdbe329f (webtiles) character file.

4221 Gekot the Cleaver (level 10, -10/65 HPs)
             Began as a Gargoyle Berserker on June 18, 2014.
             Was a High Priest of Trog.
             Killed by the air
             ... invoked by Gastronok
              (20 damage)
             ... on Level 8 of the Dungeon.
             The game lasted 00:23:15 (7855 turns).

Gekot the Cleaver (Gargoyle Berserker)              Turns: 7855, Time: 00:23:15

HP -10/65        AC 23     Str 23      XL: 10   Next: 30%
MP  10/10        EV  6     Int 13      God: Trog [*****.]
Gold 317         SH  0     Dex 10      Spells:  0 memorised,  9 levels left

rFire  . . .     SeeInvis .     y - +6 dagger "Styziwn" {venom, Stlth+}
rCold  . . .     Clarity  .     E - +0 plate armour
rNeg   + . .     rCorr    .     (no shield)
rPois  +         rRot     +     (no helmet)
rElec  +         Spirit   .     q - +0 cloak
SustAb .         Warding  .     (no gloves)
rMut   .         Stasis   .     c - +0 pair of boots
Gourm  .                        (no amulet)
MR     .....                    (no ring)
                                j - +5 ring of intelligence

@: exhausted, slowed, very slow, not resistant to hostile enchantments,
extremely unstealthy
A: life protection 1, electricity resistance, unbreathing, petrification
resistance, rot immunity, AC +7
a: Burn Spellbooks, Berserk, Trog's Hand, Brothers in Arms, Renounce Religion


You were on level 8 of the Dungeon.
You worshipped Trog.
Trog was extremely pleased with you.
You were hungry.

You visited 2 branches of the dungeon, and saw 9 of its levels.

You collected 317 gold pieces.

Inventory:

Hand weapons
 a - a cursed +0 hand axe
 y - the +6 dagger "Styziwn" (weapon) {venom, Stlth+}
   (You found it on level 5 of the Dungeon)

   It poisons the flesh of those it strikes.
   It makes you more stealthy.
Armour
 c - a +0 pair of boots (worn)
 q - a +0 cloak (worn)
 E - a +0 plate armour (worn)
Magical devices
 G - a wand of slowing (5)
Comestibles
 k - a bread ration
Scrolls
 e - 7 scrolls of remove curse {unknown}
 h - 4 scrolls of teleportation {unknown}
 l - 4 scrolls of identify {unknown}
 o - a scroll of fear {unknown}
 p - a scroll of amnesia {unknown}
 r - a scroll of immolation {unknown}
 s - a scroll of random uselessness {unknown}
 t - a scroll of enchant armour {unknown}
 u - 3 scrolls of noise {unknown}
 v - a scroll of fog {unknown}
 w - a scroll of enchant weapon {unknown}
 B - a scroll of recharging {unknown}
 D - a scroll of blinking {unknown}
Jewellery
 j - a +5 ring of intelligence (left hand)
Potions
 b - 2 potions of magic {unknown}
 d - 3 potions of might {unknown}
 f - 2 potions of restore abilities
 g - 5 potions of agility
 i - 4 potions of curing
 m - a potion of confusion {unknown}
 n - a potion of beneficial mutation {unknown}
 x - 3 potions of degeneration {unknown}
 z - a potion of brilliance {unknown}
 A - 2 potions of heal wounds {unknown}
 C - 2 potions of haste
 F - a potion of paralysis {unknown}


   Skills:
 + Level 8.6 Fighting
 * Level 10.0 Axes
 + Level 8.4 Armour
 - Level 1.5 Dodging


You had 9 spell levels left.
You didn't know any spells.

Dungeon Overview and Level Annotations

Branches:
Dungeon (8/15)             Temple (1/1) D:5
   Lair: D:8-11

Altars:
Ashenzari
Cheibriados
Elyvilon
Fedhas
Gozag
Kikubaaqudgha
Makhleb
Nemelex Xobeh
Okawaru
Sif Muna
Trog
Vehumet
Xom
Yredelemnul
Zin
The Shining One

Shops:
D:7 (

Annotations:
D:8 Gastronok


Innate Abilities, Weirdness & Mutations

You are resistant to torment.
You are immune to poison.
Your stone body is very resilient (AC +7).
You resist negative energy.
You are resistant to electric shocks.
You can survive without breathing.
You are immune to petrification.
You are immune to rotting.


Message History

You are too injured to fight recklessly!
You puncture Gastronok!
Gastronok is severely wounded.
You puncture Gastronok!
Gastronok is severely wounded.
You hit Gastronok.
Gastronok is almost dead.
Gastronok bites you.
* * * LOW HITPOINT WARNING * * *
You puncture Gastronok!
Gastronok is almost dead.
You feel a strong urge to attack something.
You are no longer berserk.
You are exhausted.
You feel yourself slow down.
You are feeling hungry.
Gastronok gurgles, "Huuuuuuuuuuungry!"
Gastronok waves his eye-stalks in wide circles.
The air twists around and strikes you!
You die...

.... #....#...# ....
#.>..#.... .##...###
#...#..##
........#######
###....##
#....#...#...####....###
#......#.....##......#
#...##............##
#..)#....##.....%.#
###.#..@###.......#
#..w...# ###.....#
#.#.#### #...#.# #.#.#
#####.# #.#.# #.# #.#.#
#.# ..#.# .# ###.. # ...


You could see Gastronok.

Vanquished Creatures
  Prince Ribbit (D:5)
  Eustachio (D:7)
  5 yaks (D:7)
  A hungry ghost (D:7)
  Menkaure (D:6)
  A black bear (D:7)
  An ice beast (D:5)
  Purgy (D:3)
  2 sky beasts (D:7)
  2 ogres
  A phantom (D:4)
  A yellow wasp (D:7)
  3 centaurs
  Sigmund (D:5)
  Duvessa (D:7)
  Blork the orc (D:7)
  2 giant frogs
  2 scorpions (D:4)
  5 killer bees (D:7)
  Dowan (D:7)
  A crimson imp (D:5)
  2 jellies
  8 orc priests
  6 hounds
  2 worker ants
  A black bear skeleton (D:6)
  3 iguanas
  8 orc wizards
  A scorpion zombie (D:5)
  9 adders
  A giant mite (D:2)
  4 worms
  4 shadow imps (D:7)
  An adder skeleton (D:6)
  2 giant geckos
  36 orcs
  A bat skeleton (D:6)
  6 giant cockroaches
  16 hobgoblins
  2 jackals (D:5)
  10 kobolds
  2 quokkas
  2 ball pythons (D:3)
  9 bats
  A giant gecko zombie (D:5)
  12 giant newts
  19 goblins
  An orc skeleton (D:7)
  7 rats
  A ballistomycete (D:7)
212 creatures vanquished.

Vanquished Creatures (others)
  An orc wizard (D:4)
  An orc (D:4)
  A giant spore (D:7)
3 creatures vanquished.

Grand Total: 215 creatures vanquished

Notes
Turn   | Place    | Note
--------------------------------------------------------------
     0 | D:1      | Gekot, the Gargoyle Berserker, began the quest for the Orb.
     0 | D:1      | Reached XP level 1. HP: 14/14 MP: 1/1
    87 | D:1      | Reached XP level 2. HP: 8/19 MP: 2/2
   396 | D:1      | Acquired Trog's second power
   589 | D:1      | Reached XP level 3. HP: 24/24 MP: 3/3
   818 | D:2      | Found a snail-covered altar of Cheibriados.
  1139 | D:2      | Reached XP level 4. HP: 26/29 MP: 4/4
  1245 | D:2      | Reached skill level 4 in Fighting
  1459 | D:3      | Noticed Purgy
  1473 | D:3      | Killed Purgy
  1473 | D:3      | Reached XP level 5. HP: 28/34 MP: 5/5
  2084 | D:3      | Reached XP level 6. HP: 39/39 MP: 6/6
  2394 | D:4      | HP: 3/60 [orc/falchion (1)]
  2652 | D:4      | Reached skill level 5 in Axes
  2680 | D:4      | Reached skill level 5 in Fighting
  2680 | D:4      | Reached XP level 7. HP: 22/44 MP: 7/7
  2729 | D:4      | Acquired Trog's third power
  3547 | D:4      | Reached skill level 6 in Axes
  3557 | D:4      | Reached skill level 5 in Armour
  3981 | D:4      | Reached XP level 8. HP: 49/51 MP: 8/8
  4070 | D:5      | Entered Level 5 of the Dungeon
  4280 | D:5      | Got an iridescent dagger
  4283 | D:5      | Identified the +6 dagger "Styziwn" {venom, Stlth+} (You found it on level 5 of the Dungeon)
  4323 | D:5      | Noticed Prince Ribbit
  4357 | D:5      | Killed Prince Ribbit
  4357 | D:5      | Reached skill level 7 in Axes
  4371 | D:5      | Noticed Sigmund
  4384 | D:5      | Killed Sigmund
  4739 | D:5      | Reached XP level 9. HP: 42/56 MP: 9/9
  4746 | D:5      | Found a staircase to the Ecumenical Temple.
  4751 | Temple   | Entered the Ecumenical Temple
  5141 | D:6      | Reached skill level 8 in Axes
  5381 | D:6      | Found a glowing golden altar of the Shining One.
  5381 | D:6      | Found a white marble altar of Elyvilon.
  5381 | D:6      | Found a glowing silver altar of Zin.
  5415 | D:6      | Got an ichor-stained dagger
  5416 | D:6      | Identified the +6 dagger of Gallantry {stab, +Rage Dex+3} (You found it on level 6 of the Dungeon)
  6390 | D:7      | Noticed Menkaure
  6452 | D:6      | Killed Menkaure
  6629 | D:7      | Received a gift from Trog
  6797 | D:7      | Noticed Blork the orc
  6818 | D:7      | Killed Blork the orc
  6975 | D:7      | Found a shattered altar of Ashenzari.
  7101 | D:7      | Reached skill level 9 in Axes
  7122 | D:7      | Noticed Eustachio
  7148 | D:7      | Killed Eustachio
  7196 | D:7      | Found Blougg's Weapon Boutique.
  7216 | D:7      | Noticed Duvessa
  7216 | D:7      | Noticed Dowan
  7224 | D:7      | Killed Duvessa
  7233 | D:7      | Reached XP level 10. HP: 64/64 MP: 10/10
  7251 | D:7      | Killed Dowan
  7749 | D:7      | Reached skill level 10 in Axes
  7830 | D:8      | Noticed Gastronok
  7855 | D:8      | Killed from afar by Gastronok

Action                   |  1- 3 |  4- 6 |  7- 9 | 10-12 || total
-------------------------+-------+-------+-------+-------++-------
Melee: Hand axe          |   136 |   207 |   224 |       ||   567
       Dagger            |       |       |   354 |    88 ||   442
Invok: Berserk           |       |     3 |     8 |     2 ||    13
  Use: Potion            |       |       |     4 |       ||     4
 Stab: Invisible         |       |       |     4 |       ||     4
